 Dungeon Crawl Stone Soup version 0.28.0-45-g0d030f2227 (webtiles) character file.

Game seed: 10387838928236423414

13 H0rd4k the Magician (level 2, -4/15 HPs)
             Began as a Deep Elf Hedge Wizard on Apr 21, 2022.
             Slain by an adder (5 damage)
             ... on level 3 of the Dungeon.
             The game lasted 00:00:54 (962 turns).

H0rd4k the Magician (Deep Elf Hedge Wizard)          Turns: 962, Time: 00:00:55

Health: -4/15      AC:  2    Str:  7    XL:     2   Next: 24%
Magic:  7/9        EV: 12    Int: 18    God:
Gold:   45         SH:  0    Dex: 14    Spells: 9/10 levels left

rFire   . . .      SeeInvis .   a - +0 dagger
rCold   . . .      Faith    .   (no shield)
rNeg    . . .      Spirit   .   b - +0 robe
rPois   .          Reflect  .   c - +0 hat
rElec   .          Harm     .   (no cloak)
rCorr   .          Rampage  .   (no gloves)
Will    .....                   (no boots)
Stlth   ++........              (no amulet)
HPRegen 0.05/turn               (no ring)
MPRegen 0.11/turn               (no ring)

@: lethally poisoned (-4 -> -6)
A: no striking features
a: no special abilities


You were on level 3 of the Dungeon.
You visited 1 branch of the dungeon, and saw 3 of its levels.

You collected 45 gold pieces.

Inventory:

Hand Weapons
 a - a +0 dagger (weapon)
Armour
 b - a +0 robe (worn)
 c - a +0 hat (worn)
Potions
 d - a potion of ambrosia {unknown}
 e - a potion of curing {unknown}
 f - a potion of flight {unknown}
 g - a potion of heal wounds {unknown}


   Skills:
 + Level 2.7 Dodging
 + Level 2.5 Stealth
 + Level 4.9 Spellcasting
 + Level 1.4 Conjurations
 + Level 1.1 Summonings
 + Level 1.1 Translocations


You had 9 spell levels left.
You knew the following spells:

 Your Spells              Type           Power      Damage    Failure   Level
a - Magic Dart            Conj           36%        1d4       8%          1

Your spell library contained the following spells:

 Spells                   Type           Power      Damage    Failure   Level
 Blink                    Tloc           16%        N/A       13%         2
 Call Imp                 Summ           8%         N/A       13%         2
 Slow                     Hex            16%        N/A       14%         1
 Conjure Flame            Conj/Fire      7%         6-21      30%         3
 Mephitic Cloud           Conj/Pois/Air  6%         N/A       32%         3


Dungeon Overview and Level Annotations

Branches:
Dungeon (3/15)

Altars:


Message History

Found a stone staircase leading down.
An adder comes into view.
The bat closely misses you.
The adder hisses angrily.
The adder closely misses you. The adder bites you.
You are poisoned.
The adder poisons you!
You feel sick.
A kobold appears from thin air!
Reactivating autopickup.
The adder barely misses you.
There is a stone staircase leading down here.
You feel sick. The adder closely misses you.
The kobold drinks a potion.
The kobold flickers and vanishes!
Deactivating autopickup; reactivate with Ctrl-A.
You climb downwards.
Reactivating autopickup.
You feel sick.
There is a stone staircase leading up here.
Casting: Magic Dart (safe; 8% risk of failure)
Confirm with . or Enter, or press ? or * to list all spells.
Aiming: Magic Dart (safe; 8% risk of failure)
Press: ? - help, Shift-Dir - straight line, f - adder
Aim: an adder (100% to hit)
The magic dart hits the adder.
The adder is moderately wounded.
You feel sick. The adder bites you.
You are too injured to fight recklessly!
You are too injured to fight recklessly!
Casting: Magic Dart (safe; 8% risk of failure)
Confirm with . or Enter, or press ? or * to list all spells.
Aiming: Magic Dart (safe; 8% risk of failure)
Press: ? - help, Shift-Dir - straight line, f/p - adder
Aim: an adder (moderately wounded, 100% to hit)
The magic dart hits the adder.
The adder is heavily wounded.
You feel sick. The adder bites you.
* * * LOW HITPOINT WARNING * * *
The adder bites you.
You die... #.######### #g.....@S.# #########.# #

You could see an adder and a goblin (asleep).

Vanquished Creatures
  A dart slug (D:2)
  A giant cockroach (D:2)
  A hobgoblin (D:2)
  3 ball pythons (D:1)
  4 bats (D:1)
  A frilled lizard (D:2)
11 creatures vanquished.

Vanquished Creatures (others)
  7 fungi (D:2)
  6 plants (D:2)
13 creatures vanquished.

Grand Total: 24 creatures vanquished

Notes
Turn   | Place    | Note
-------+----------+-------------------------------------------
     0 | D:1      | H0rd4k the Deep Elf Hedge Wizard began the quest for the
                  | Orb.
     0 | D:1      | Reached XP level 1. HP: 10/10 MP: 7/7
   579 | D:2      | Reached XP level 2. HP: 6/15 MP: 4/9
   962 | D:3      | Slain by an adder

Illustrated notes

Levels and vault maps discovered:
D:1:      heliophobic_arrival_ceremonial_halls, layout_basic
D:2:      layout_basic, basic_altar, shapermc_ecumenical_altar_mp_urbaneastern
D:3:      layout_loops_ring, uniq_natasha

Action                   || total
-------------------------++-------
Melee: Dagger            ||    10
 Cast: Magic Dart        ||    42
Armor: Robe              ||    10
Dodge: Dodged            ||    22
